 Dungeon Crawl Stone Soup version 0.27.0-1-g7a089689b8 (webtiles) character file.

Game seed: 1461149402327568011

6 ZombieSheep the Magician (level 1, 0/13 HPs)
             Began as a Gnoll Wanderer on Aug 6, 2021.
             Slain by a jackal (3 damage)
             ... on level 1 of the Dungeon.
             The game lasted 00:00:24 (209 turns).

ZombieSheep the Magician (Gnoll Wanderer)            Turns: 209, Time: 00:00:24

Health: 0/13       AC:  2    Str: 14    XL:     1   Next: 90%
Magic:  6/6        EV: 11    Int: 10    God:
Gold:   16         SH:  0    Dex:  9    Spells: 9/9 levels left

rFire    . . .     SeeInvis .   a - +0 club
rCold    . . .     Faith    .   (no shield)
rNeg     . . .     Spirit   .   c - +0 robe
rPois    .         Reflect  .   (no helmet)
rElec    .         Harm     .   (no cloak)
rCorr    .         Rampage  .   (no gloves)
Will     .....                  (no boots)
Stlth    +.........             (no amulet)
HPRegen  0.04/turn              (no ring)
MPRegen  0.10/turn              (no ring)

@: no status effects
A: fangs 1, strong nose, distributed training
a: no special abilities


You were on level 1 of the Dungeon.
You visited 1 branch of the dungeon, and saw 1 of its levels.

You collected 16 gold pieces.

Inventory:

Hand Weapons
 a - a +0 club (weapon)
Missiles
 e - 9 poisoned darts
Armour
 c - a +0 robe (worn)
Scrolls
 b - a scroll of teleportation
Miscellaneous
 d - a phial of floods (quivered)


   Skills:
 + Level 0.2 Fighting
 + Level 0.2 Short Blades
 + Level 0.2 Long Blades
 + Level 0.2 Axes
 + Level 0.2 Maces & Flails
 + Level 0.2 Polearms
 + Level 0.2 Staves
 + Level 0.2 Slings
 + Level 0.2 Bows
 + Level 0.2 Crossbows
 + Level 2.4 Throwing
 + Level 0.2 Armour
 + Level 0.2 Dodging
 + Level 0.2 Stealth
 + Level 0.2 Shields
 + Level 0.2 Unarmed Combat
 + Level 4.9 Spellcasting
 + Level 2.0 Conjurations
 + Level 2.0 Hexes
 + Level 0.1 Summonings
 + Level 3.6 Necromancy
 + Level 0.1 Translocations
 + Level 0.1 Transmutations
 + Level 3.6 Fire Magic
 + Level 0.1 Ice Magic
 + Level 0.1 Air Magic
 + Level 0.1 Earth Magic
 + Level 0.1 Poison Magic
 + Level 0.3 Invocations
 + Level 2.4 Evocations


You had 9 spell levels left.
You didn't know any spells.
Your spell library was empty.

Dungeon Overview and Level Annotations

Branches:
Dungeon (1/15)

Altars:


Innate Abilities, Weirdness & Mutations

You have very sharp teeth.
Your uncanny sense of smell can sniff out nearby items.
Your experience applies equally to all skills.


Message History

The bat hits you. The bat barely misses you.
You hit the bat.
You kill the bat!
Your Conjurations skill increases to level 2!
Your Hexes skill increases to level 2!
No target in view!
You see here a bat corpse.
A jackal comes into view.
Found a hunting sling. 2 jackals come into view.
The jackal barks!
A dart slug comes into view.
You barely miss the jackal. The jackal barely misses you. The jackal bites you.
You hit the jackal.
The jackal is heavily wounded.
The jackal closely misses you. x2
A bat comes into view.
The jackal misses you. The jackal bites you.
You barely miss the jackal.
The jackal is heavily wounded.
The jackal misses you.
The jackal bites you but does no damage.
The jackal closely misses you. The jackal bites you.
You hit the jackal.
You kill the jackal!
The bat hits you. The bat hits you but does no damage. The jackal misses you.
The jackal bites you. The bat hits you. The jackal completely misses you.
The bat hits you but does no damage. The bat barely misses you.
You see here a bat corpse.
You hit the jackal but do no damage. The jackal barely misses you.
The jackal bites you but does no damage.
You hit the jackal.
The jackal is severely wounded.
The jackal bites you.
* * * LOW HITPOINT WARNING * * *
You hit the jackal but do no damage.
The jackal is severely wounded.
The jackal bites you.
You die...

.# #.# . .. #. ##. ..
#..# #.. ) #.. #.#.#
#..#####.#.#
#........w# #.######.#
#....@hhb# ...
#######..####### ## ..#
.........# #... ....
... ########.###.## #.#
##.##
#......###...###...##
#####...#.....#.....#
#....## ##.......
#.....###....<...
########.....#.........


You could see 2 jackals and a bat.

Vanquished Creatures
  A dart slug (D:1)
  A bat (D:1)
  A jackal (D:1)
  A ball python (D:1)
4 creatures vanquished.

Notes
Turn   | Place    | Note
-------+----------+-------------------------------------------
     0 | D:1      | ZombieSheep the Gnoll Wanderer began the quest for the Orb.
     0 | D:1      | ZombieSheep set off with the following items: a +0 club, a
                  | scroll of teleportation, a +0 robe, a phial of floods
     0 | D:1      | Reached XP level 1. HP: 13/13 MP: 6/6
   209 | D:1      | Slain by a jackal

Illustrated notes

Levels and vault maps discovered:
D:1:      onia_arrival_pyramid, layout_loops_ring, glass_columns_a

Skill      XL: |  1 |
---------------+----+-----
Conjurations   | 2 |  2.0
Hexes          | 2 |  2.0
Fighting       | |  0.2
Short Blades   | |  0.2
Long Blades    | |  0.2
Axes           | |  0.2
Maces & Flails | |  0.2
Polearms       | |  0.2
Staves         | |  0.2
Slings         | |  0.2
Bows           | |  0.2
Crossbows      | |  0.2
Throwing       | |  2.4
Armour         | |  0.2
Dodging        | |  0.2
Stealth        | |  0.2
Shields        | |  0.2
Unarmed Combat | |  0.2
Spellcasting   | |  4.9
Summonings     | |  0.1
Necromancy     | |  3.6
Translocations | |  0.1
Transmutations | |  0.1
Fire Magic     | |  3.6
Ice Magic      | |  0.1
Air Magic      | |  0.1
Earth Magic    | |  0.1
Poison Magic   | |  0.1
Invocations    | |  0.3
Evocations     | |  2.4

Action                   || total
-------------------------++-------
Melee: Club              ||    20
       Bite              ||     2
Armor: Robe              ||     7
Dodge: Dodged            ||    22
